AoeStats
← Sheep Enjoyer

Black Forest

506332728Analyzed
2v2 RM · 19d ago on Sep 13, 2026· 45m 5s· 4 players
Game mode
Random Map
Map size
Medium (4 player)
Population
200
Speed
Normal
Resources
Standard
Victory
Conquest
Starting age
Dark Age
Ending age
Imperial Age
RankedLock teamsTeams togetherTeam positionsShared explorationLock speedFull tech treeHidden civsTurbo modeCheats
Victory
Defeat
🇲🇽 Italians · Mexico
1050
+14
🇹🇼 Mongols · Taiwan
1000
+48
🇦🇺 Mongols · Australia
998
-15
🇦🇺 Slavs · Australia
994
-15
jojamajo
2:59 Loom
11:53 Feudal Age
13:14 Double-Bit Axe
15:57 Fletching
18:05 Padded Archer Armor
18:03 Horse Collar
23:37 Castle Age
22:47 Gold Mining
24:19 Bodkin Arrow
23:46 Crossbowman
27:06 Bow Saw
26:57 Heavy Plow
31:38 Leather Archer Armor
32:05 Ballistics
37:20 Imperial Age
36:59 Wheelbarrow
37:02 Town Watch
39:13 Chemistry
41:31 Conscription
41:26 Scale Barding Armor
43:08 Two-Man Saw
42:58 Bloodlines
42:48 Husbandry
43:15 Chain Barding Armor
43:01 Elite Boyar
45:08 Plate Barding Armor
Sheep Enjoyer
3:14 Loom
15:32 Feudal Age
19:19 Wheelbarrow
19:38 Double-Bit Axe
20:55 Horse Collar
23:31 Castle Age
25:58 Fletching
28:23 Caravan
28:58 Heavy Plow
29:22 Bow Saw
30:22 Gold Mining
30:45 Herbal Medicine
31:01 Fervor
32:27 Fortified Wall
37:04 Gold Shaft Mining
36:25 Stone Mining
37:15 Padded Archer Armor
37:06 Fletching
37:26 Forging
40:11 Imperial Age
37:58 Hand Cart
42:03 Chemistry
42:48 Leather Archer Armor
42:29 Bodkin Arrow
43:09 Iron Casting
42:40 Scale Barding Armor
shadow
6:36 Loom
11:50 Feudal Age
12:25 Gold Mining
12:31 Double-Bit Axe
14:24 Horse Collar
18:46 Fletching
23:11 Padded Archer Armor
23:57 Wheelbarrow
24:46 Town Watch
31:45 Castle Age
29:59 Stone Mining
34:01 Thumb Ring
34:38 Bow Saw
38:34 Bodkin Arrow
38:59 Husbandry
40:39 Ballistics
41:11 Hand Cart
42:26 Town Patrol
43:07 Caravan
44:20 Murder Holes
45:16 Bloodlines
rancira95
13:55 Feudal Age
21:01 Castle Age
21:10 Double-Bit Axe
21:08 Horse Collar
23:41 Fletching
25:32 Bodkin Arrow
31:13 Bow Saw
33:56 Imperial Age
31:43 Elite Skirmisher
33:37 Ballistics
34:05 Padded Archer Armor
35:48 Chemistry
37:53 Bracer
45:28 Leather Archer Armor
Connection lost

Rejoining the realm…

Still unreachable

The connection could not be restored.

Session expired

The server has moved on; the page needs a fresh start.